 Dungeon Crawl Stone Soup version 0.27-a0-789-g6bb3289e1e (webtiles) character file.

Game seed: 6388788353537716139

14 leviel the Skirmisher (level 2, -1/27 HPs)
             Began as a Hill Orc Monk on Mar 26, 2021.
             Slain by a hobgoblin
             ... wielding a +0 spear
              (9 damage)
             ... on level 1 of the Dungeon.
             The game lasted 00:01:00 (388 turns).

leviel the Skirmisher (Hill Orc Monk)                Turns: 388, Time: 00:01:01

Health: -1/27      AC:  5    Str: 13    XL:     2   Next: 41%
Magic:  2/2        EV: 11    Int: 10    God:
Gold:   16         SH:  0    Dex: 13    Spells: 1/1 levels left

rFire    . . .     SeeInvis .   a - +0 falchion
rCold    . . .     Faith    .   (no shield)
rNeg     . . .     Spirit   .   g - +0 ring mail
rPois    .         Reflect  .   (no helmet)
rElec    .         Harm     .   (no cloak)
rCorr    .         Rampage  .   (no gloves)
Will     .....                  (no boots)
Stlth    +.........             (no amulet)
HPRegen  0.09/turn              (no ring)
MPRegen  0.08/turn              (no ring)

@: no status effects
A: no striking features
a: no special abilities


You were on level 1 of the Dungeon.
You visited 1 branch of the dungeon, and saw 1 of its levels.

You collected 16 gold pieces.

Inventory:

Hand Weapons
 a - a +0 falchion (weapon)
Armour
 b - a +0 robe
 e - a +0 plate armour
 g - a +0 ring mail (worn)
Scrolls
 c - a scroll of teleportation {unknown}
 d - a scroll of summoning {unknown}
 f - a scroll of acquirement {unknown}
 i - a scroll of amnesia {unknown}
 j - a scroll of blinking {unknown}
Potions
 h - a potion of degeneration {unknown}


   Skills:
 - Level 3.7 Fighting
 + Level 3.7 Long Blades
 - Level 2.4 Dodging
 + Level 2.0 Stealth


You had one spell level left.
You didn't know any spells.
Your spell library contained the following spells:

 Spells                   Type           Power      Damage    Failure   Level
 Confusing Touch          Hex            0%         N/A       94%         3
 Gell's Gravitas          Tloc           0%         N/A       94%         3
 Petrify                  Tmut/Erth      0%         N/A       100%        4
 Metabolic Englaciation   Hex/Ice        0%         N/A       100%        5
 Yara's Violent Unravell  Hex/Tmut       0%         3d3       100%        5


Dungeon Overview and Level Annotations

Branches:
Dungeon (1/15)

Altars:


Message History

You kill the ball python!
The hobgoblin hits you from afar with a +0 spear.
The bat hits you. The hobgoblin hits you with a +0 spear!
You are too injured to fight recklessly!
You are too injured to fight recklessly!
You are too injured to fight recklessly!
You are too injured to fight recklessly!
You are too injured to fight recklessly!
You are too injured to fight recklessly!
You are too injured to fight recklessly!
You are too injured to fight recklessly!
You are too injured to fight recklessly!
You are too injured to fight recklessly!
You are too injured to fight recklessly!
Unknown command.
The bat closely misses you.
You riposte.
You barely miss the bat. The hobgoblin closely misses you. The bat hits you.
The bat barely misses you.
You riposte.
You hit the bat.
The bat is severely wounded.
The bat barely misses you. The bat hits you but does no damage.
The bat hits you but does no damage.
You are too injured to fight recklessly!
You closely miss the bat.
The bat is moderately wounded.
The bat closely misses you.
The hobgoblin hits you from afar with a +0 spear.
The bat misses you.
You riposte.
You hit the bat.
You kill the bat!
The hobgoblin misses you.
You hit the hobgoblin but do no damage. The hobgoblin completely misses you.
You hit the hobgoblin.
The hobgoblin is almost dead.
The hobgoblin hits you with a +0 spear.
* * * LOW HITPOINT WARNING * * *
You completely miss the hobgoblin.
The hobgoblin is almost dead.
The hobgoblin hits you with a +0 spear!
You die...

### ###### #.#
#####....# #@#
##.†......#
#g###..#####..#
#l..b..#.#.#..#
#.###..#..)#..#
#######.####.#.(....####
#........# #.#...#..##..
#........# #.#.#(#.+##..
#........# #.#####.(....
...........#
#..........|.


You could see a hobgoblin and a frilled lizard.

Vanquished Creatures
  2 bats (D:1)
  A hobgoblin (D:1)
  4 jackals (D:1)
  A kobold (D:1)
  2 ball pythons (D:1)
  2 frilled lizards (D:1)
  A rat (D:1)
13 creatures vanquished.

Notes
Turn   | Place    | Note
-------+----------+-------------------------------------------
     0 | D:1      | leviel the Hill Orc Monk began the quest for the Orb.
     0 | D:1      | Reached XP level 1. HP: 19/19 MP: 1/1
   151 | D:1      | Reached XP level 2. HP: 21/27 MP: 2/2
   388 | D:1      | Slain by a hobgoblin

Illustrated notes

Levels and vault maps discovered:
D:1:      lightli_arrival_noodles, layout_basic, minmay_split_cup_large

Skill      XL: |  1  2 |
---------------+-------+-----
Stealth        | 2 |  2.0
Fighting       | |  3.7
Long Blades    | |  3.7
Dodging        | |  2.4

Action                   || total
-------------------------++-------
Melee: Falchion          ||    44
Armor: Ring mail         ||    23
       Robe              ||     2
Dodge: Dodged            ||    52
       Rpst.: Falchion   ||    18

Table legend: (Time is in decaauts)
 A = Elapsed time spent in this place.
 B = Non-inter-level travel time spent in this place.
 C = Inter-level travel time spent in this place.
 D = Time resting spent in this place.
 E = Time spent auto-exploring this place.
 F = Levels seen in this place.
 G = Mean time per level.
                   A        B        C        D        E       F      G
               +--------+--------+--------+--------+--------+-----+--------+
         Total |    393 |    393 |      0 |      0 |    278 |   1 |  393.0 |
       Dungeon |    393 |    393 |      0 |      0 |    278 |   1 |  393.0 |
               +--------+--------+--------+--------+--------+-----+--------+

Top non-repeatable levels by time:
     D:1: 393 daAuts
